 Dungeon Crawl Stone Soup version 0.23-a0-49-gd9f7a49 (webtiles) character file.

12052 Amnesiac the Destroyer (level 11, 0/68 HPs)
             Began as a Mummy Conjurer on Aug 7, 2018.
             Was an Elder of Dithmenos.
             Killed by the air
             ... invoked by Gastronok
              (24 damage)
             ... on level 10 of the Dungeon.
             The game lasted 00:31:47 (14093 turns).

Amnesiac the Destroyer (Mummy Conjurer)            Turns: 14093, Time: 00:31:48

Health: 0/68       AC:  7    Str: 12    XL:     11   Next: 57%
Magic:  1/26       EV: 11    Int: 23    God:    Dithmenos [****..]
Gold:   568        SH:  0    Dex: 12    Spells: 0/32 levels left

rFire    . . .     SeeInvis .   b - +0 blowgun
rCold    + . .     Gourm    .   (no shield)
rNeg     + + +     Faith    .   r - +0 troll leather armour
rPois    ∞         Spirit   .   v - +0 helmet
rElec    .         Reflect  .   z - scarf {repulsion}
rCorr    .         Harm     .   k - +0 pair of gloves
MR       +....                  x - +0 pair of boots
Stlth    ++........             (no amulet)
HPRegen  0.61/turn              i - ring of protection from fire
MPRegen  0.20/turn              h - +5 ring of intelligence

@: very slightly contaminated, wreathed by umbra, repel missiles
A: no food or potions, fire vulnerability, cold resistance 1, negative energy
resistance 3, torment resistance, unbreathing
a: Shadow Step, Renounce Religion


You were on level 10 of the Dungeon.
You worshipped Dithmenos.
Dithmenos was greatly pleased with you.
You were not hungry.

You visited 2 branches of the dungeon, and saw 12 of its levels.
You also visited: Sewer.

You collected 568 gold pieces.

Inventory:

Hand Weapons
 a - a +2 dagger of protection
 b - a +0 blowgun (weapon)
Missiles
 f - 12 poisoned needles (quivered)
Armour
 k - a +0 pair of gloves (worn)
 r - a +0 troll leather armour (worn)
 v - a +0 helmet (worn)
 x - a +0 pair of boots (worn)
 z - a scarf of repulsion (worn)
Jewellery
 d - an uncursed ring of wizardry
 h - a +5 ring of intelligence (right hand)
 i - a ring of protection from fire (left hand)
 o - an uncursed ring of flight
Wands
 j - a wand of flame (36)
 w - a wand of digging (19)
Scrolls
 c - 7 scrolls of teleportation {!r}
 e - 2 scrolls of enchant weapon {!r}
 g - 7 scrolls of remove curse {!r}
 l - 5 scrolls of identify {!r}
 n - 2 scrolls of brand weapon {!r}
 q - a scroll of enchant armour {!r}
 s - 3 scrolls of magic mapping {!r}
 t - 2 scrolls of amnesia {!r}


   Skills:
 - Level 1.5 Dodging
 - Level 1.5 Stealth
 + Level 11.4 Spellcasting
 * Level 11.5 Conjurations
 + Level 8.4 Hexes


You couldn't memorise any spells.
You knew the following spells:

 Your Spells              Type           Power        Failure   Level  Hunger
a - Iskenderun's Mystic   Conj           ######..     1%          4    N/A
b - Fulminant Prism       Conj/Hex       ######....   1%          4    N/A
c - Force Lance           Conj/Tloc      #####...     6%          4    N/A
d - Searing Ray           Conj           ######       1%          2    N/A
e - Dazzling Spray        Conj/Hex       ######       1%          3    N/A
f - Magic Dart            Conj           ####         1%          1    N/A
g - Call Imp              Summ           ##......     10%         2    N/A
h - Apportation           Tloc           ##....       6%          1    N/A
i - Mephitic Cloud        Conj/Pois/Air  ####....     3%          3    N/A
s - Conjure Flame         Conj/Fire      #####...     1%          3    N/A
v - Blink                 Tloc           N/A          10%         2    N/A
w - Poisonous Vapours     Pois/Air       ##....       10%         2    N/A
z - Confusing Touch       Hex            ######       1%          1    N/A

Your spell library contained the following spells:

 Spells                   Type           Power        Failure   Level  Hunger
 Slow                     Hex            ######..     1%          2    N/A
 Throw Frost              Conj/Ice       #####.       1%          2    N/A
 Freezing Cloud           Conj/Ice/Air   ####......   89%         6    N/A
 Ring of Flames           Chrm/Fire      ##........   100%        7    N/A
 Summon Small Mammal      Summ           ##..         6%          1    N/A
 Animate Skeleton         Necr           N/A          6%          1    N/A
 Freeze                   Ice            ##..         6%          1    N/A
 Summon Ice Beast         Ice/Summ       ##......     52%         4    N/A
 Ozocubu's Armour         Chrm/Ice       ##......     19%         3    N/A
 Spider Form              Tmut/Pois      ##........   19%         3    N/A
 Blade Hands              Tmut           ##........   86%         5    N/A
 Ice Form                 Ice/Tmut       ##......     52%         4    N/A
 Throw Icicle             Conj/Ice       #####...     6%          4    N/A
 Sticks to Snakes         Tmut           ##......     10%         2    N/A
 Beastly Appendage        Tmut           ##....       6%          1    N/A

Dungeon Overview and Level Annotations

Branches:
Dungeon (11/15)            Temple (1/1) D:7
   Lair: D:8-11         Orc: D:9-12

Altars:
Ashenzari
Cheibriados
Dithmenos
Elyvilon
Fedhas
Gozag
Hepliaklqana
Kikubaaqudgha
Makhleb
Nemelex Xobeh
Okawaru
Qazlal
Ru
Sif Muna
Trog
Uskayaw
Vehumet
Wu Jian
Xom
Yredelemnul
Zin
The Shining One

Annotations:
D:7 Joseph
D:10 Gastronok


Innate Abilities, Weirdness & Mutations

You do not eat or drink.
Your flesh is vulnerable to fire.
You are immune to poison.
Your flesh is cold resistant. (rC+)
You are immune to negative energy. (rN+++)
You are immune to unholy pain and torment.
You can survive without breathing.


Message History

Confirm with . or Enter, or press ? or * to list all spells.
Aiming: Poisonous Vapours (safe; 10% risk of failure)
Press: ? - help, Dir - move target cursor, f - quokka
Aim: a quokka (hasn't noticed you, summoned) Poisonous vapours surround the quokka!
The quokka is engulfed in poison gas.
The quokka is poisoned.
Casting: Poisonous Vapours (safe; 10% risk of failure)
Confirm with . or Enter, or press ? or * to list all spells.
Aiming: Poisonous Vapours (safe; 10% risk of failure)
Press: ? - help, Dir - move target cursor, f - Gastronok, p - quokka
Aim: Gastronok, wearing a glowing hat (severely wounded)
You miscast Poisonous Vapours.
You are very lightly contaminated with residual magic.
There is a short, sharp shower of sparks.
You kill the quokka!
The quokka's corpse disappears in a puff of smoke!
Casting: Poisonous Vapours (safe; 10% risk of failure)
Confirm with . or Enter, or press ? or * to list all spells.
Aiming: Poisonous Vapours (safe; 10% risk of failure)
Press: ? - help, Dir - move target cursor, f/p - Gastronok
Aim: Gastronok, wearing a glowing hat (severely wounded) Poisonous vapours surround Gastronok!
Gastronok is poisoned.
Casting: Poisonous Vapours (safe; 10% risk of failure)
Confirm with . or Enter, or press ? or * to list all spells.
Aiming: Poisonous Vapours (safe; 10% risk of failure)
Press: ? - help, Dir - move target cursor, f/p - Gastronok
Aim: Gastronok, wearing a glowing hat (severely wounded, poisoned, umbra) Poisonous vapours surround Gastronok!
Casting: Poisonous Vapours (safe; 10% risk of failure)
Confirm with . or Enter, or press ? or * to list all spells.
Aiming: Poisonous Vapours (safe; 10% risk of failure)
Press: ? - help, Dir - move target cursor, f/p - Gastronok
Aim: Gastronok, wearing a glowing hat (severely wounded, poisoned, umbra)
You miscast Poisonous Vapours.
You feel a strange surge of energy!
Casting: Poisonous Vapours (safe; 10% risk of failure)
Confirm with . or Enter, or press ? or * to list all spells.
Aiming: Poisonous Vapours (safe; 10% risk of failure)
Press: ? - help, Dir - move target cursor, f/p - Gastronok
Aim: Gastronok, wearing a glowing hat (severely wounded, poisoned, umbra) Poisonous vapours surround Gastronok!
Casting: Poisonous Vapours (safe; 10% risk of failure)
Confirm with . or Enter, or press ? or * to list all spells.
Aiming: Poisonous Vapours (safe; 10% risk of failure)
Press: ? - help, Dir - move target cursor, f/p - Gastronok
Aim: Gastronok, wearing a glowing hat (severely wounded, poisoned, umbra) Poisonous vapours surround Gastronok!
Gastronok is engulfed in poison gas.
Gastronok looks even sicker.
Gastronok mumbles some strange words.
Gastronok puts on a burst of speed!
There is an open door here.
Gastronok waves his eye-stalks in wide circles.
The air twists around and strikes you!
* * * LOW HITPOINT WARNING * * *
Casting: Poisonous Vapours (safe; 10% risk of failure)
Confirm with . or Enter, or press ? or * to list all spells.
Aiming: Poisonous Vapours (safe; 10% risk of failure)
Press: ? - help, Dir - move target cursor, f/p - Gastronok
Aim: Gastronok, wearing a glowing hat (severely wounded, poisoned, covering ground quickly) Poisonous vapours surround Gastronok!
Gastronok is engulfed in poison gas.
Gastronok looks even sicker.
Gastronok gurgles, "A snack!
A snack!"
Gastronok waves his eye-stalks in wide circles.
The air twists around and strikes you!
You die...

.....#....>..w...#######
.....#.....#####w......#
.....#.....#...#.......#
.....#..)..#...#.......#
.....#.)...#...#.......#
###'##.....#...'.......#
.....)....w#...#.......#
...)(....(.#...#.......#
....######.#...#@......#
..(.# #(#####.#######
....# #.(...(.# ....#
#......##
....######......#
................#
.......(........#
##..............#
.#..............#


You could see Gastronok.

Vanquished Creatures
  Harold (D:10)
  2 unseen horrors (D:11)
  A centaur zombie (D:10)
  A kobold demonologist (D:11)
  6 trolls
  2 hippogriffs
  Prince Ribbit (D:7)
  A wraith (D:10)
  5 yaks
  A water elemental (D:11)
  5 humans (D:6)
  Menkaure (D:6)
  An acid dragon (D:11)
  A water moccasin (D:11)
  5 sky beasts
  5 orc warriors
  An ice beast (D:9)
  A black bear (D:8)
  A wolf (D:10)
  9 ogres
  8 centaurs
  A phantom (D:6)
  7 big kobolds
  8 bullfrogs
  A gnoll sergeant (D:8)
  9 killer bees
  An electric eel (D:9)
  4 crimson imps
  5 howler monkeys
  A bullfrog zombie (D:7)
  2 jellies
  A gnoll shaman (D:5)
  7 hounds
  6 orc priests
  2 bullfrog skeletons
  A centaur skeleton (D:11)
  7 iguanas
  6 orc wizards
  8 worker ants
  A hound zombie (D:6)
  Robin (D:2)
  13 gnolls
  2 river rats (Sewer)
  12 adders
  2 shadow imps
  6 oozes
  An adder skeleton (D:7)
  An adder zombie (D:7)
  9 worms
  A dart slug (D:2)
  7 leopard geckos
  24 orcs
  6 bats
  6 giant cockroaches
  22 goblins
  4 hobgoblins
  8 jackals (D:3)
  25 kobolds
  6 quokkas
  10 ball pythons
  4 frilled lizards
  2 jackal skeletons
  A leopard gecko skeleton (D:6)
  2 quokka skeletons
  A quokka zombie (D:5)
  11 rats
324 creatures vanquished.

Notes
Turn   | Place    | Note
-------+----------+-------------------------------------------
     0 | D:1      | Amnesiac the Mummy Conjurer began the quest for the Orb.
     0 | D:1      | Reached XP level 1. HP: 13/13 MP: 4/4
   362 | D:2      | Reached XP level 2. HP: 19/19 MP: 0/6
   366 | D:2      | Learned a level 2 spell: Searing Ray
   527 | D:5      | Entered Level 5 of the Dungeon
   527 | D:5      | Noticed a centaur
   581 | D:4      | Noticed an ogre
   596 | D:4      | Reached XP level 3. HP: 18/24 MP: 4/8
   603 | D:4      | Learned a level 3 spell: Dazzling Spray
   680 | D:3      | Found a glowing drain.
   777 | Sewer    | Entered a sewer
  1013 | Sewer    | Reached XP level 4. HP: 30/30 MP: 4/9
  1071 | Sewer    | Noticed a big kobold
  1096 | Sewer    | Killed a big kobold
  1096 | Sewer    | Reached skill level 1 in Hexes
  1183 | Sewer    | Reached XP level 5. HP: 30/35 MP: 7/11
  1422 | Sewer    | Reached XP level 6. HP: 34/41 MP: 2/13
  1542 | Sewer    | Reached skill level 5 in Conjurations
  1977 | Sewer    | Reached skill level 5 in Spellcasting
  2385 | D:3      | Found a basalt altar of Yredelemnul.
  2422 | D:4      | Reached XP level 7. HP: 46/46 MP: 7/15
  3243 | D:5      | Learned a level 4 spell: Fulminant Prism
  3248 | D:5      | Learned a level 4 spell: Force Lance
  3685 | D:5      | Reached XP level 8. HP: 47/52 MP: 6/17
  3924 | D:5      | Found a burning altar of Makhleb.
  3924 | D:5      | Noticed an Executioner
  4261 | D:6      | Found a shattered altar of Ashenzari.
  5176 | D:6      | Reached skill level 5 in Hexes
  5176 | D:6      | Reached XP level 9. HP: 17/57 MP: 7/20
  5384 | D:6      | Noticed Menkaure
  5393 | D:6      | Killed Menkaure
  5967 | D:7      | Noticed Prince Ribbit
  5975 | D:7      | Killed Prince Ribbit
  6153 | D:7      | Noticed Joseph
  6241 | D:7      | Found a bloodstained altar of Trog.
  6300 | D:7      | Found a staircase to the Ecumenical Temple.
  6313 | Temple   | Entered the Ecumenical Temple
  6318 | Temple   | Became a worshipper of Dithmenos the Shadowed
  6430 | D:7      | Found a stormy altar of Qazlal.
  7373 | D:1      | Learned a level 4 spell: Iskenderun's Mystic Blast
  7984 | D:2      | Found a hide-covered altar of Uskayaw.
  7990 | D:2      | Noticed Robin
  8001 | D:2      | Reached * piety under Dithmenos
  8244 | D:2      | Killed Robin
  9388 | D:8      | Reached ** piety under Dithmenos
  9445 | D:8      | Learned a level 2 spell: Blink
  9448 | D:8      | Learned a level 2 spell: Call Imp
  9452 | D:8      | Learned a level 3 spell: Conjure Flame
  9719 | D:8      | Found a glowing golden altar of the Shining One.
  9874 | D:9      | Reached XP level 10. HP: 57/63 MP: 17/23
 10153 | D:9      | Learned a level 1 spell: Confusing Touch
 10155 | D:9      | Learned a level 1 spell: Apportation
 10518 | D:9      | Found a sparkling altar of Nemelex Xobeh.
 10716 | D:9      | Reached *** piety under Dithmenos
 10716 | D:9      | Reached skill level 10 in Conjurations
 10834 | D:10     | Entered Level 10 of the Dungeon
 10979 | D:10     | Reached skill level 10 in Spellcasting
 11658 | D:10     | Reached XP level 11. HP: 64/68 MP: 0/25
 11995 | D:11     | Reached **** piety under Dithmenos
 12145 | D:11     | Noticed Harold
 12391 | D:10     | Killed Harold
 12528 | D:11     | HP: 2/68 [something (7)]
 12797 | D:11     | Killed an unseen horror
 12961 | D:11     | Killed an unseen horror
 13015 | D:11     | Learned a level 3 spell: Mephitic Cloud
 13018 | D:11     | Learned a level 2 spell: Poisonous Vapours
 13378 | D:11     | Noticed a cyan ugly thing
 13953 | D:11     | Noticed Gastronok
 14093 | D:10     | Killed from afar by Gastronok

Vault maps used:
D:1:      moated_graveyard_arrival, minmay_shallow_snake_nest
D:2:      lemuel_crystal_altar, minmay_tetromino_i2, uniq_robin
D:3:      marbit_many_paths, portal_sewer_entry_f
D:4:      grunt_decor_fettered, minivault_4, minmay_snake_closets
D:5:      makhleb_altar_promises_db, first_ration, supply_closet_lemuel
D:6:      nicolae_ashenzari_panopticon, minmay_ruffians, uniq_menkaure
D:7:      nicolae_qazlal_eye_of_the_storm, nicolae_overflow_crystal_walls,
          minmay_temple_entry_statues_pillars, grunt_ogre_cave, uniq_joseph,
          uniq_prince_ribbit1
D:8:      tso_metal_star
D:9:      cheibrodos_helix_gallery, nemelex_xobeh_ov_fountains_minmay,
          hangedman_decor_opposing
D:10:     kennysheep_generic_room_10
D:11:     erik_lair_island, nicolae_wwwww, uniq_harold, uniq_gastronok
Temple:   minmay_freezing_vapour_temple
Sewer:    sewer_co_tree

Skill      XL: |  1  2  3  4  5  6  7  8  9 10 11 |
---------------+----------------------------------+-----
Spellcasting   | 3 4 5 6 7 9 10 11 | 11.4
Conjurations   | 4 5 6 7 9 10 11 | 11.5
Hexes          | 1 2 3 5 6 7 8 |  8.4
Dodging        | |  1.5
Stealth        | |  1.5

Action                   |  1- 3 |  4- 6 |  7- 9 | 10-12 || total
-------------------------+-------+-------+-------+-------++-------
Melee: Unarmed           |     1 |       |       |       ||     1
       Whip              |    27 |    18 |       |       ||    45
       Dagger            |       |       |    13 |    70 ||    83
 Fire: Blowgun           |       |       |       |     8 ||     8
 Cast: Magic Dart        |    36 |    26 |   220 |   102 ||   384
       Searing Ray       |     9 |    19 |    72 |    63 ||   163
       Dazzling Spray    |       |     9 |    11 |    28 ||    48
       Conjure Flame     |       |       |     3 |     3 ||     6
       Iskenderun's Myst |       |       |       |    49 ||    49
       Poisonous Vapours |       |       |       |    17 ||    17
Evoke: Wand              |       |       |     3 |    10 ||    13
  Use: Scroll            |     2 |       |    10 |     6 ||    18
 Stab: Invisible         |       |     1 |       |     1 ||     2
Armor: Robe              |     6 |     2 |    21 |       ||    29
       Leather armour    |       |       |     4 |     3 ||     7
       Troll leather arm |       |       |       |   105 ||   105
Dodge: Dodged            |    30 |    21 |   102 |   236 ||   389
       Deflected         |       |       |       |    33 ||    33

Table legend:
 A = Spawn XP
 B = Non-spawn XP
 C = Spawn XP percentage of total XP
 D = Spawn monster count
 E = Non-spawn monster count
 F = Spawn count percentage of total count
 G = Total turns spent on level
                    A         B        C        D         E        F      G
               +---------+---------+-------+---------+---------+-------+---------
         Total |       0 |   17218 |   0.0 |       0 |     324 |   0.0 | 14093
               +---------+---------+-------+---------+---------+-------+---------
           D:1 |       0 |      29 |   0.0 |       0 |      19 |   0.0 |  1011
           D:2 |       0 |      70 |   0.0 |       0 |      26 |   0.0 |   842
           D:3 |       0 |     212 |   0.0 |       0 |      37 |   0.0 |   824
           D:4 |       0 |     375 |   0.0 |       0 |      19 |   0.0 |   754
           D:5 |       0 |     809 |   0.0 |       0 |      24 |   0.0 |  1511
           D:6 |       0 |    1808 |   0.0 |       0 |      21 |   0.0 |  1660
           D:7 |       0 |     903 |   0.0 |       0 |      15 |   0.0 |  1314
           D:8 |       0 |     633 |   0.0 |       0 |      20 |   0.0 |   592
           D:9 |       0 |    2871 |   0.0 |       0 |      34 |   0.0 |   997
          D:10 |       0 |    4244 |   0.0 |       0 |      42 |   0.0 |  2309
          D:11 |       0 |    4735 |   0.0 |       0 |      39 |   0.0 |   843
         Sewer |       0 |     529 |   0.0 |       0 |      28 |   0.0 |  1425
               +---------+---------+-------+---------+---------+-------+---------
